 Dungeon Crawl Stone Soup version 0.21-a0-522-ga8338f0 (webtiles) character file.

400 slep the Chopper (level 6, -1/47 HPs)
             Began as a Demonspawn Gladiator on Dec 6, 2017.
             Slain by a scorpion (8 damage)
             ... on level 4 of the Dungeon.
             The game lasted 00:08:43 (2363 turns).

slep the Chopper (Demonspawn Gladiator)             Turns: 2363, Time: 00:08:44

Health: -1/47      AC: 10    Str: 15    XL:     6   Next: 54%
Magic:  6/6        EV: 13    Int:  9    God:
Gold:   91         SH:  0    Dex: 16    Spells: 5/5 levels left

rFire    . . .     SeeInvis .   a - +0 war axe
rCold    + . .     Gourm    .   (no shield)
rNeg     . . .     Faith    .   o - +0 ring mail
rPois    .         Spirit   .   c - +0 helmet
rElec    .         Reflect  .   l - +0 cloak
rCorr    .         Harm     +   h - +0 pair of gloves
MR       .....     Rnd*Rage +   (no boots)
Stlth    +.........             q - amulet of harm
HPRegen  0.15/turn              (no ring)
MPRegen  0.10/turn              (no ring)

@: no status effects
A: claws 1, iridescent scales 1, berserk 1, cold resistance 1
a: no special abilities


You were on level 4 of the Dungeon.
You were not hungry.

You visited 1 branch of the dungeon, and saw 4 of its levels.

You collected 91 gold pieces.

Inventory:

Hand Weapons
 a - a +0 war axe (weapon)
Armour
 b - a +0 leather armour
 c - a +0 helmet (worn)
 h - a +0 pair of gloves (worn)
 l - a +0 cloak (worn)
 o - a +0 ring mail (worn)
Jewellery
 q - an amulet of harm (around neck)
Scrolls
 e - 2 scrolls of remove curse {unknown}
 g - 2 scrolls of identify {unknown}
 i - a scroll of amnesia {unknown}
 j - a scroll of enchant armour {unknown}
 p - 2 scrolls of teleportation {unknown}
 r - a scroll of fog {unknown}
 t - a scroll of fear {unknown}
Potions
 s - a potion of cancellation
 u - a potion of haste {unknown}
Comestibles
 f - 2 bread rations
 k - a chunk of flesh
 m - 4 royal jellies


   Skills:
 + Level 3.2 Fighting
 + Level 5.1 Axes
 + Level 2.0 Throwing
 + Level 1.4 Armour
 + Level 3.8 Dodging
 + Level 0.6 Stealth


You had 5 spell levels left.
You didn't know any spells.

Dungeon Overview and Level Annotations

Branches:
Dungeon (4/15)
 Temple: D:4-7

Altars:
Gozag
Kikubaaqudgha
Sif Muna


Innate Abilities, Weirdness & Mutations

You are partially covered in iridescent scales. (AC +2)
Your flesh is cold resistant. (rC+)
You have sharp fingernails.
You tend to lose your temper in combat.


Message History

You hit the ogre.
The ogre is almost dead.
Your ring mail prevents you from hitting the scorpion.
You hit the bullfrog skeleton.
The bullfrog skeleton barely misses you.
The scorpion stings you but does no damage.
The bullfrog skeleton hits you. The ogre hits you with a giant club!
* * * LOW HITPOINT WARNING * * *
You hit the ogre but do no damage.
The ogre is almost dead.
You slash the bullfrog skeleton!
You destroy the bullfrog skeleton!
You hit the scorpion.
The scorpion stings you but does no damage.
The ogre barely misses you.
You hit the ogre.
You kill the ogre!
Your Axes skill increases to level 5!
You closely miss the scorpion. The scorpion stings you!
You die...

#........
#........
#........
#........
#......#
#......#
#s.....#
#@)...(#
#<.....#
#......#
#......+
#.<....#
########


You could see a scorpion.

Vanquished Creatures
  A sky beast (D:2)
  An ogre (D:4)
  Crazy Yiuf (D:3)
  A bullfrog skeleton (D:4)
  8 adders
  2 oozes (D:3)
  A worm (D:2)
  2 dart slugs (D:3)
  2 leopard geckos (D:3)
  2 orcs (D:3)
  14 bats
  6 giant cockroaches
  7 goblins
  8 hobgoblins
  5 jackals
  A quokka (D:2)
  4 ball pythons
  3 frilled lizards
  8 kobolds
  4 rats
81 creatures vanquished.

Notes
Turn   | Place    | Note
-------+----------+-------------------------------------------
     0 | D:1      | slep the Demonspawn Gladiator began the quest for the Orb.
     0 | D:1      | Reached XP level 1. HP: 16/16 MP: 1/1
   246 | D:1      | Gained mutation: You are partially covered in iridescent scales. (AC +2) [demonic ancestry]
   246 | D:1      | Reached XP level 2. HP: 22/22 MP: 2/2
   253 | D:1      | Reached skill level 3 in Axes
   714 | D:2      | Noticed a sky beast
   723 | D:2      | Gained mutation: Your flesh is cold resistant. (rC+) [demonic ancestry]
   723 | D:2      | Reached XP level 3. HP: 24/27 MP: 3/3
   729 | D:2      | Killed a sky beast
   729 | D:2      | Reached skill level 4 in Axes
   729 | D:2      | Reached XP level 4. HP: 22/34 MP: 4/4
   733 | D:2      | Gained mutation: You have sharp fingernails. [mutagenic meat]
   734 | D:2      | Gained mutation: You tend to lose your temper in combat. [mutagenic meat]
   793 | D:2      | Reached XP level 5. HP: 29/39 MP: 5/5
   917 | D:2      | Found an ancient bone altar of Kikubaaqudgha.
  1110 | D:2      | Reached skill level 1 in Armour
  1168 | D:2      | Found an opulent altar of Gozag.
  1615 | D:3      | Found a runed door.
  2094 | D:3      | Found a deep blue altar of Sif Muna.
  2280 | D:3      | Noticed Crazy Yiuf
  2301 | D:3      | Killed Crazy Yiuf
  2301 | D:3      | Reached XP level 6. HP: 47/47 MP: 6/6
  2363 | D:4      | Reached skill level 5 in Axes
  2363 | D:4      | Slain by a scorpion

Vault maps used:
D:1:      dpeg_arrival_connections
D:2:      grunt_gozag_breadcrumbs, kiku_gazebo_garden_becter, serial_glass,
          glass_columns_b, glass_columns_b, glass_columns_c, glass_columns_b,
          minmay_misc_feat_tiny
D:3:      lemuel_blue_sif_altar, uniq_crazy_yiuf_cottage
D:4:      lemuel_crystal_altar, first_bread

Skill      XL: |  1  2  3  4  5  6 |
---------------+-------------------+-----
Axes           | 3 4 5 |  5.1
Dodging        | 3 |  3.8
Throwing       | 2 |  2.0
Armour         | 1 |  1.4
Fighting       | 3 |  3.2
Stealth        | |  0.6

Action                   |  1- 3 |  4- 6 || total
-------------------------+-------+-------++-------
Melee: War axe           |    63 |   178 ||   241
Throw: Throwing net      |       |     3 ||     3
  Use: Potion            |       |     4 ||     4
 Stab: Held in net/web   |       |     2 ||     2
  Eat: Chunk             |       |     7 ||     7
Armor: Leather armour    |    17 |       ||    17
       Ring mail         |    31 |   113 ||   144
       Skin              |       |     1 ||     1
Dodge: Dodged            |    55 |   140 ||   195

Table legend:
 A = Spawn XP
 B = Non-spawn XP
 C = Spawn XP percentage of total XP
 D = Spawn monster count
 E = Non-spawn monster count
 F = Spawn count percentage of total count
 G = Total turns spent on level
                    A         B        C        D         E        F      G
               +---------+---------+-------+---------+---------+-------+---------
         Total |       0 |     572 |   0.0 |       0 |      81 |   0.0 |  2363
               +---------+---------+-------+---------+---------+-------+---------
           D:1 |       0 |      25 |   0.0 |       0 |      17 |   0.0 |   673
           D:2 |       0 |     246 |   0.0 |       0 |      32 |   0.0 |   691
           D:3 |       0 |     149 |   0.0 |       0 |      30 |   0.0 |   986
           D:4 |       0 |     152 |   0.0 |       0 |       2 |   0.0 |    13
               +---------+---------+-------+---------+---------+-------+---------
